 Dungeon Sprint DCSS version 0.16-a0-3325-g64f94fb (webtiles) character file.

3724 BluebellGnoll the Bludgeoner (level 10, -10/114 HPs)
             Began as an Ogre Hunter on Dec 27, 2014.
             Was a High Priest of Okawaru.
             Killed from afar by a fire drake (14 damage)
             ... with a blast of flame
             ... in the Dungeon (Sprint IX: "|||||||||||||||||||||||||||||").
             The game lasted 00:05:05 (1211 turns).

BluebellGnoll the Bludgeoner (Ogre Hunter)          Turns: 1211, Time: 00:05:05

Health: -10/114    AC:  3    Str: 20    XL:     10   Next: 14%
Magic:  10/10      EV: 16    Int: 13    God:    Okawaru [*****.]
Gold:   13         SH:  0    Dex: 13    Spells: 0 memorised, 9 levels left

rFire  . . .     SeeInvis .     q - +2 dire flail (drain)
rCold  + + .     Clarity  .     d - +0 animal skin
rNeg   + . .     SustAb   .     (shield restricted)
rPois  +         Gourm    .     (helmet restricted)
rElec  .         Spirit   .     (no cloak)
rCorr  .         Warding  .     (gloves unavailable)
rMut   .         Stasis   +     (boots unavailable)
MR     +....                    v - amulet "Ladwiecso" {Stasis rPois rC++ rN+ Str-2}
Stlth  +.........               r - +3 ring of strength
                                a - +3 ring of dexterity

@: somewhat resistant to hostile enchantments, very unstealthy
A: unfitting armour, tough skin 1
a: Heroism, Finesse, Renounce Religion


You were in the Dungeon.
You worshipped Okawaru.
Okawaru was extremely pleased with you.
You were not hungry.

You visited 1 branch You collected 13 gold pieces.

Inventory:

Hand weapons
 q - a +2 dire flail of draining (weapon)
Armour
 d - a +0 animal skin (worn)
Magical staves
 p - an uncursed staff of energy
Jewellery
 a - a +3 ring of dexterity (left hand)
 r - a +3 ring of strength (right hand)
 v - the amulet "Ladwiecso" (around neck) {Stasis rPois rC++ rN+ Str-2}
   (You found it in the Dungeon)

   [amulet of stasis]

   It prevents you from being teleported, slowed, hasted or paralysed.
   It affects your strength (-2).
   It greatly protects you from cold.
   It protects you from poison.
   It protects you from negative energy.
Magical devices
 o - a wand of draining (5)
Scrolls
 k - 2 scrolls of blinking
 m - 3 scrolls of remove curse
 n - 2 scrolls of amnesia
 w - a scroll of recharging
 x - 4 scrolls of enchant weapon
 y - a scroll of fog
 z - a scroll of fear
Potions
 e - 6 potions of curing
 g - 5 potions of heal wounds
 i - 4 potions of magic
 j - a potion of berserk rage
 l - a potion of invisibility
 s - a potion of cure mutation
 t - a potion of restore abilities
 u - a potion of brilliance
Comestibles
 f - a meat ration


   Skills:
 - Level 11.5 Fighting
 * Level 18.0 Maces & Flails
 + Level 9.9 Throwing
 * Level 12.1 Dodging
 - Level 0.7 Stealth


You had 9 spell levels left.
You didn't know any spells.

Dungeon Overview and Level Annotations

Branches:
Dungeon (1/1)

Altars:
Cheibriados
Dithmenos
Elyvilon
Fedhas
Gozag
Kikubaaqudgha
Makhleb
Nemelex Xobeh
Okawaru
Qazlal
Ru
Sif Muna
Trog
Vehumet
Xom
Yredelemnul
Zin
The Shining One
Beogh
Jiyva
Lugonu


Innate Abilities, Weirdness & Mutations

You are too large for most types of armour.
You have tough skin (AC +1).


Message History

The crocodile is caught in the net!
The crocodile is almost dead.
The crocodile struggles against the net.
You are too injured to fight recklessly!
You are too injured to fight recklessly!
You are too injured to fight recklessly!
The helpless crocodile fails to defend itself.
You sock the crocodile!
You kill the crocodile!
Okawaru accepts your kill.
Your Maces & Flails skill increases to level 18!
Throwing (i - inventory):
c - a throwing net (quivered)
Press: ? - help, Shift-Dir - straight line, f - fire drake
Aim: a fire drake (severely wounded)
You throw a throwing net. The throwing net hits the fire drake.
The fire drake is caught in the net!
The fire drake is severely wounded.
The fire drake breathes flames at you. The blast of flame hits you!
You die...

▓▓▓▓▓▓▓▓▓▓▓▓▓▓▓▓▓▓▓▓▓▓▓▓▓
.(.....'........@k.......
▓▓▓▓▓▓▓▓▓▓▓▓▓▓▓▓▓▓▓▓▓▓▓▓▓▓▓▓▓▓▓▓▓
.................................
▓▓▓▓▓▓▓▓▓▓▓▓▓▓▓▓▓▓▓▓▓▓▓▓▓▓▓▓▓▓▓▓▓
...'_____________________'...)[[[
▓▓▓▓▓▓▓▓▓▓▓▓▓▓▓▓▓▓▓▓▓▓▓▓▓▓▓▓▓▓▓▓▓


You could see a fire drake (caught).

Vanquished Creatures
  A hill giant (D)
  A griffon (D)
  A spiny frog (D)
  A black mamba (D)
  3 komodo dragons (D)
  2 deep elf magi (D)
  A wyvern (D)
  A yak (D)
  A hippogriff (D)
  3 water moccasins (D)
  A porcupine (D)
  A centaur (D)
  A crocodile (D)
  A giant frog (D)
  A jelly (D)
  2 worker ants (D)
  3 adders (D)
  An adder skeleton (D)
  A giant gecko (D)
  2 orcs (D)
  A bat (D)
  A giant cockroach (D)
  2 hobgoblins (D)
  2 quokkas (D)
  A kobold (D)
  A rat (D)
37 creatures vanquished.

Notes
Turn   | Place    | Note
--------------------------------------------------------------
     0 | D        | BluebellGnoll, the Ogre Hunter, began the quest for the Orb.
     0 | D        | Reached XP level 1. HP: 22/22 MP: 1/1
    19 | D        | Reached skill level 5 in Fighting
    20 | D        | Reached XP level 2. HP: 5/35 MP: 2/2
   293 | D        | Noticed a jelly
   296 | D        | Killed a jelly
   296 | D        | Reached skill level 5 in Dodging
   296 | D        | Reached XP level 3. HP: 42/42 MP: 3/3
   323 | D        | Found a glowing silver altar of Zin.
   323 | D        | Found a glowing golden altar of the Shining One.
   323 | D        | Found an ancient bone altar of Kikubaaqudgha.
   323 | D        | Found a basalt altar of Yredelemnul.
   323 | D        | Found a shimmering altar of Xom.
   323 | D        | Found a radiant altar of Vehumet.
   323 | D        | Found an iron altar of Okawaru.
   324 | D        | Found a burning altar of Makhleb.
   325 | D        | Found a deep blue altar of Sif Muna.
   326 | D        | Found a bloodstained altar of Trog.
   327 | D        | Found a sparkling altar of Nemelex Xobeh.
   328 | D        | Found a white marble altar of Elyvilon.
   329 | D        | Found a roughly hewn altar of Beogh.
   330 | D        | Found a viscous altar of Jiyva.
   331 | D        | Found a corrupted altar of Lugonu.
   332 | D        | Became a worshipper of Warmaster Okawaru
   333 | D        | Found a blossoming altar of Fedhas.
   334 | D        | Found a snail-covered altar of Cheibriados.
   335 | D        | Found a shadowy altar of Dithmenos.
   336 | D        | Found a stormy altar of Qazlal.
   337 | D        | Found an opulent altar of Gozag.
   338 | D        | Found a sacrificial altar of Ru.
   369 | D        | Noticed a deep elf mage
   369 | D        | Noticed a worker ant
   369 | D        | Noticed a wyvern
   372 | D        | Killed a deep elf mage
   372 | D        | Acquired Okawaru's first power
   372 | D        | Reached skill level 11 in Maces & Flails
   372 | D        | Reached XP level 4. HP: 50/50 MP: 4/4
   372 | D        | Reached XP level 5. HP: 58/58 MP: 5/5
   374 | D        | Killed a worker ant
   374 | D        | Reached skill level 12 in Maces & Flails
   374 | D        | Reached XP level 6. HP: 64/66 MP: 6/6
   383 | D        | Killed a wyvern
   383 | D        | Reached skill level 14 in Maces & Flails
   525 | D        | Noticed a giant frog
   525 | D        | Noticed a deep elf mage
   525 | D        | Noticed a centaur
   525 | D        | Noticed a worker ant
   525 | D        | Noticed a hill giant
   533 | D        | Killed a giant frog
   533 | D        | Reached XP level 7. HP: 51/76 MP: 7/7
   537 | D        | Killed a deep elf mage
   539 | D        | Killed a worker ant
   544 | D        | Killed a centaur
   549 | D        | Killed a hill giant
   549 | D        | Reached XP level 8. HP: 24/97 MP: 8/8
   660 | D        | Got the amulet "Ladwiecso" {Stasis rPois rC++ rN+ Str-2}
   832 | D        | Noticed a komodo dragon
   832 | D        | Noticed a water moccasin
   832 | D        | Noticed a yak
   832 | D        | Noticed a water moccasin
   832 | D        | Noticed a hippogriff
   832 | D        | Noticed a water moccasin
   832 | D        | Noticed a griffon
   839 | D        | Killed a komodo dragon
   839 | D        | Reached skill level 15 in Maces & Flails
   839 | D        | Reached skill level 10 in Dodging
   846 | D        | Noticed a porcupine
   847 | D        | Killed a water moccasin
   851 | D        | Killed a yak
   852 | D        | Killed a water moccasin
   852 | D        | Reached XP level 9. HP: 81/105 MP: 7/9
   858 | D        | Killed a hippogriff
   862 | D        | Killed a water moccasin
   869 | D        | Killed a griffon
   869 | D        | Reached skill level 16 in Maces & Flails
   873 | D        | Killed a porcupine
  1172 | D        | Noticed a spiny frog
  1172 | D        | Noticed a komodo dragon
  1172 | D        | Noticed a komodo dragon
  1172 | D        | Noticed a black mamba
  1172 | D        | Noticed a crocodile
  1172 | D        | Noticed a fire drake
  1178 | D        | Killed a spiny frog
  1178 | D        | Reached skill level 17 in Maces & Flails
  1183 | D        | Killed a komodo dragon
  1186 | D        | Killed a komodo dragon
  1186 | D        | Acquired Okawaru's second power
  1186 | D        | Reached XP level 10. HP: 62/114 MP: 10/10
  1201 | D        | Killed a black mamba
  1208 | D        | HP: 3/114 [crocodile (17)]
  1210 | D        | Killed a crocodile
  1210 | D        | Reached skill level 18 in Maces & Flails
  1211 | D        | Killed from afar by a fire drake

Action                   |  1- 3 |  4- 6 |  7- 9 | 10-12 || total
-------------------------+-------+-------+-------+-------++-------
Melee: Short sword       |    27 |       |       |       ||    27
       Dire flail        |     2 |    17 |    68 |    19 ||   106
Throw: Large rock        |     5 |       |       |     4 ||     9
       Throwing net      |       |       |       |     2 ||     2
Invok: Heroism           |       |       |     1 |       ||     1
Evoke: Wand              |     1 |       |     1 |       ||     2
  Use: Potion            |     1 |       |       |       ||     1
 Stab: Held in net/web   |       |       |       |     1 ||     1
  Eat: Chunk             |       |       |     1 |       ||     1
